 Dungeon Crawl Stone Soup version 0.30-a0-169-g06f667207d (webtiles) character file.

Game seed: 16894396001992732895

58 qw the Chopper (level 4, -1/28 HPs)
             Began as a Gargoyle Fighter on Sept 29, 2022.
             Killed from afar by Sigmund (10 damage)
             ... with a puff of flame
             ... on level 3 of the Dungeon.
             The game lasted 00:00:34 (1815 turns).

qw the Chopper (Gargoyle Fighter)                   Turns: 1815, Time: 00:00:34

Health: -1/28      AC: 10    Str: 22    XL:     4   Next: 2%
Magic:  4/4        EV:  9    Int:  8    God:
Gold:   61         SH:  4    Dex:  9    Spells: 3/3 levels left

rFire   . . .      SeeInvis .    Y - +1 war axe
rCold   . . .      Faith    .    c - +0 buckler
rNeg    + . .      Spirit   .    b - +0 scale mail
rPois   inf        Reflect  .    (no helmet)
rElec   +          Harm     .    (no cloak)
rCorr   .          Rampage  .    (no gloves)
Will    .....                    (no boots)
Stlth   ..........               (no amulet)
HPRegen 0.09/turn                (no ring)
MPRegen 0.09/turn                (no ring)

@: no status effects
A: sickness immunity, AC +3, negative energy resistance 1, electricity
resistance, torment resistance 1, petrification resistance
a: no special abilities


You were on level 3 of the Dungeon.
You visited 1 branch of the dungeon, and saw 3 of its levels.

You collected 61 gold pieces.


Innate Abilities, Weirdness & Mutations

You are immune to sickness and miasma.
Your stone body is resilient. (AC +3)
You are immune to poison.
You resist negative energy. (rN+)
You are resistant to electric shocks. (rElec)
You are resistant to unholy torment.
You are immune to petrification.


   Skills:
 - Level 3.2 Fighting
 + Level 3.8 Axes
 - Level 3.2 Armour
 - Level 3.2 Shields


You had 3 spell levels left.
You didn't know any spells.
Your spell library was empty.

Inventory:

Hand Weapons
 f - a +0 flail
 Y - a +1 war axe (weapon)
Armour
 b - a +0 scale mail (worn)
 c - a +0 buckler (worn)
Jewellery
 a - a ring of fire
Scrolls
 k - a scroll of identify
Potions
 d - 2 potions of might
 e - a potion of attraction {unknown}
 g - a potion of lignification {unknown}
 h - a potion of heal wounds {unknown}
 i - a potion of curing

Dungeon Overview and Level Annotations

Branches:
Dungeon (3/15)

Altars:
Nemelex Xobeh

Annotations:
D:3 Sigmund


Message History

Sigmund the Dreaded comes into view.
He is wielding a +0 scythe and wearing a +2 robe of positive energy.
Sigmund shouts!
Sigmund barely misses you.
You barely miss Sigmund. You barely miss Sigmund. Sigmund barely misses you.
You closely miss Sigmund.
Sigmund points at you and mumbles some strange words.
You resist with some effort.
Sigmund casts a spell.
Sigmund flickers and vanishes!
Deactivating autopickup; reactivate with Ctrl-A.
You miss something.
You hear some strange, mumbled words.
A magic dart appears from out of thin air!
The magic dart hits you but does no damage.
You completely miss something. Something completely misses you.
You miss something. Something hits you.
You closely miss something. Something hits you.
You hit something. Something hits you.
You closely miss something. Something hits you but does no damage.
You slash something! You miss something. Something hits you but does no damage.
You closely miss something. Something hits you!
You hit something but do no damage. Something hits you.
You closely miss something. Something hits you but does no damage.
You miss something.
You hear some strange, mumbled words.
A puff of flame appears from out of thin air!
The puff of flame hits you!
You die...

### #<#
#.# #.#
#.# #@#
#.{......
.#.....##
.. .....#
...
.....#
....
.....#
.....
.....#
......
.....+


There were no monsters in sight!

Vanquished Creatures
  A gnoll (D:1)
  A dart slug (D:2)
  5 orcs
  6 endoplasms
  2 giant cockroaches
  4 goblins
  A hobgoblin (D:2)
  A quokka (D:2)
  2 ball pythons (D:1)
  7 bats
  3 frilled lizards
  3 kobolds
  3 rats
39 creatures vanquished.

Notes
Turn   | Place    | Note
-------+----------+-------------------------------------------
     0 | D:1      | qw the Gargoyle Fighter began the quest for the Orb.
     0 | D:1      | Reached XP level 1. HP: 14/14 MP: 1/1
     0 | D:1      | 0 ||| qw: Version: 0.2-a-12-gaebbb33
     0 | D:1      | 0 ||| qw: Game counter: 1349
     0 | D:1      | 0 ||| qw: Always use a shield: true
     0 | D:1      | 0 ||| qw: God list: Okawaru
     0 | D:1      | 0 ||| qw: Allow faded altars: false
     0 | D:1      | 0 ||| qw: Do Orc after D:15 true
     0 | D:1      | 0 ||| qw: Do second Lair branch before Depths: true
     0 | D:1      | 0 ||| qw: Lair rune preference: random
     0 | D:1      | 0 ||| qw: Plans: Normal, Zot:1-4, God:TSO, Crypt, Tomb,
                  | Pan, Slime:5, Hells, Abyss, Orb
     0 | D:1      | 0 ||| PLANNING D:1-11
    57 | D:1      | Reached XP level 2. HP: 12/19 MP: 2/2
   218 | D:1      | 218 ||| Stepping ~*~*~tactically~*~*~ (stealth).
   220 | D:1      | 220 ||| Stepping ~*~*~tactically~*~*~ (stealth).
   380 | D:1      | Reached skill level 3 in Axes
   571 | D:1      | Reached XP level 3. HP: 23/23 MP: 3/3
   869 | D:1      | 869 ||| READING scroll labelled FAURRY YZUX.
   870 | D:1      | 870 ||| READING scroll labelled VEGHEDGHEEMM.
   871 | D:1      | 871 ||| READING scroll labelled WITHOT ADWIL.
   885 | D:2      | 885 ||| STAIRDANCE
   897 | D:2      | 897 ||| STAIRDANCE
  1030 | D:2      | Found a faded altar of an unknown god.
  1382 | D:2      | Found a sparkling altar of Nemelex Xobeh.
  1607 | D:2      | Reached XP level 4. HP: 28/28 MP: 4/4
  1752 | D:2      | 1752 ||| DROPPING amulet of faith.
  1753 | D:2      | 1753 ||| DROPPING +6 ring of intelligence.
  1754 | D:2      | 1754 ||| DRINKING 2 golden potions.
  1799 | D:3      | Noticed Sigmund
  1815 | D:3      | Killed from afar by Sigmund

Levels and vault maps discovered:
D:1:      minmay_arrival_checkered_box, layout_basic
D:2:      layout_loops_cross, basic_altar,
          hellmonk_ecumenical_altar_arch_garden, kennysheep_generic_room_3
D:3:      layout_basic, uniq_sigmund

Skill      XL: |  1  2 |
---------------+-------+-----
Axes           | 2 3 |  3.8
Fighting       | |  3.2
Armour         | |  3.2
Shields        | |  3.2

Action                   |  1- 3 |  4- 6 || total
-------------------------+-------+-------++-------
Melee: War axe           |    77 |    18 ||    95
  Use: Scroll            |     3 |       ||     3
       Potion            |       |     1 ||     1
Armor: Scale mail        |    35 |     5 ||    40
Dodge: Dodged            |    28 |     3 ||    31
Block: Buckler           |    10 |     1 ||    11

Table legend:
 A = Non-vault XP
 B = Vault XP
 C = Vault XP percentage of total XP
 D = Non-vault monster count
 E = Vault monster count
 F = Vault count percentage of total count
                 A         B        C        D         E       F
            +---------+---------+-------+---------+---------+-------
      Total |      84 |       0 |   0.0 |      39 |       0 |   0.0
            +---------+---------+-------+---------+---------+-------
        D:1 |      48 |       0 |   0.0 |      22 |       0 |   0.0
        D:2 |      36 |       0 |   0.0 |      17 |       0 |   0.0
            +---------+---------+-------+---------+---------+-------
